[Event "Titled Tuesday Blitz April 19 Early 2022"]
[White "Barbashin, Igor"]
[Black "Przybylski, Wojciech"]
[WhiteFideId "4155718"]
[BlackFideId "1117599"]
[WhiteElo "2138"]
[BlackElo "2133"]
[Result "1-0"]
[Round "08"]
[TimeControl "180+1"]
[Date "2022.04.19"]
[WhiteClock "0:00:09"]
[BlackClock "0:00:04"]

1. d4 d5 2. c4 dxc4 3. Nc3 Nf6 4. e3 e6 5. Bxc4 c5 6. Nf3 Nc6 7. O-O a6 8. a3 cxd4 9. exd4 Be7 10. Bf4 O-O 11. Rc1 Nd5 12. Bg3 Bd7 13. Nxd5 exd5 14. Bxd5 Bg4 15. Bxc6 bxc6 16. Rxc6 Qd5 17. Rc3 Rac8 18. Qb3 Qh5 19. Ne5 Be6 20. d5 Bf5 21. Nc6 Bf6 22. Re1 Bxc3 23. Ne7+ Kh8 24. bxc3 Rce8 25. f3 Qg5 26. d6 Be6 27. Qb4 a5 28. Qd4 Rc8 29. Be5 f6 30. Bf4 Qb5 31. Nxc8 Bxc8 32. c4 Qc6 33. c5 Qb5 34. Be3 Bd7 35. Bf2 Re8 36. Rxe8+ Bxe8 37. h3 h6 38. Kh2 Bc6 39. Be3 Qb7 40. Qg4 Qd7 41. Qxd7 Bxd7 42. Kg3 Kg8 43. Kf4 Bc6 44. Kf5 Kf7 45. Bd4 a4 46. Kf4 Ke6 47. g4 g5+ 48. Ke3 Bd7 49. Kd3 f5 50. Kc4 fxg4 51. fxg4 Bc6 52. Bg7 h5 53. gxh5 Kf7 54. Be5 Bd7 55. h6 Kg6 56. Bg7 Bxh3 57. c6 g4 58. d7 g3 59. d8=Q g2 60. Qf6+ Kh7 61. Qg5 g1=Q 62. Qxg1 Be6+ 63. Kc5 Bg4 64. Bf6 Kxh6 65. Qxg4 Kh7 66. Qg7# 1-0


[Site "https://www.chess.com"]

[Event "Titled Tuesday Blitz April 19 Early 2022"]
[White "Bas Mas, Jose Joaquin"]
[Black "Derjabin, Ilja"]
[WhiteFideId "22219064"]
[BlackFideId "14104768"]
[WhiteElo "2212"]
[BlackElo "2341"]
[Result "1-0"]
[Round "08"]
[TimeControl "180+1"]
[Date "2022.04.19"]
[WhiteClock "0:02:14"]
[BlackClock "0:00:03"]

1. e4 c5 2. Nc3 a6 3. g3 b5 4. Bg2 Bb7 5. Nh3 g6 6. d3 Bg7 7. O-O e6 8. f4 Ne7 9. Ne2 Nbc6 10. c3 b4 11. Nf2 bxc3 12. bxc3 Rb8 13. Be3 d6 14. Qa4 O-O 15. Rab1 Qc7 16. Rb2 d5 17. Bxc5 dxe4 18. dxe4 Rfe8 19. Rfb1 Ba8 20. e5 Rxb2 21. Rxb2 Nxe5 22. Qxe8+ Bf8 23. Bxe7 Nf3+ 1-0


[Site "https://www.chess.com"]

[Event "Titled Tuesday Blitz April 19 Early 2022"]
[White "Bashirli, Saadat"]
[Black "Mikhalsky, Vladimir"]
[WhiteFideId "13429990"]
[BlackFideId "14144352"]
[WhiteElo "1173"]
[BlackElo "2301"]
[Result "0-1"]
[Round "08"]
[TimeControl "180+1"]
[Date "2022.04.19"]
[WhiteClock "0:01:41"]
[BlackClock "0:01:13"]

1. d4 Nf6 2. Bg5 Ne4 3. Bf4 c5 4. f3 Nf6 5. e4 cxd4 6. Qxd4 Nc6 7. Qd1 e5 8. Bg5 h6 9. Bxf6 Qxf6 10. Nc3 Bb4 11. Bb5 Nd4 12. Bc4 Qg5 13. Qd2 Qh4+ 14. g3 Qf6 15. O-O-O b5 16. Bd5 Rb8 17. Qe3 O-O 18. Nge2 Bc5 19. Nxd4 exd4 20. Qe2 dxc3 21. e5 Qa6 22. bxc3 Qa3+ 23. Kb1 b4 24. Bb3 bxc3 0-1


[Site "https://www.chess.com"]

[Event "Titled Tuesday Blitz April 19 Early 2022"]
[White "Bilych, Olexiy"]
[Black "Zia, Tahsin Tajwar"]
[WhiteFideId "14156504"]
[BlackFideId "10211888"]
[WhiteElo "2176"]
[BlackElo "1800"]
[Result "1-0"]
[Round "08"]
[TimeControl "180+1"]
[Date "2022.04.19"]
[WhiteClock "0:01:06"]
[BlackClock "0:01:02"]

1. e4 c5 2. Nf3 d6 3. d4 cxd4 4. Nxd4 Nf6 5. Nc3 g6 6. Be3 Nc6 7. f3 h5 8. Bc4 Bg7 9. Nxc6 bxc6 10. e5 dxe5 11. Qxd8+ Kxd8 12. Bxf7 Bf5 13. Bb3 Kc7 14. O-O-O e6 15. Bg5 Nd5 16. Ne4 a5 17. a4 Rab8 18. Rhe1 Rb4 19. Nc5 Kb6 20. Nd7+ Kc7 21. Nxe5 Bxe5 22. Rxe5 Kd6 23. Ree1 Rhb8 24. Bf6 R8b7 25. Bc3 Rh4 26. h3 c5 27. g4 Rxh3 28. gxf5 gxf5 29. Rxe6+ Kxe6 30. Bxd5+ Ke7 31. Bxb7 1-0


[Site "https://www.chess.com"]

[Event "Titled Tuesday Blitz April 19 Early 2022"]
[White "Buscar, Michael"]
[Black "Tan, Jun Ying"]
[WhiteFideId "2603616"]
[BlackFideId "5710413"]
[WhiteElo "2010"]
[BlackElo "1827"]
[Result "1-0"]
[Round "08"]
[TimeControl "180+1"]
[Date "2022.04.19"]
[WhiteClock "0:00:19"]
[BlackClock "0:00:47"]

1. Nf3 g6 2. d4 Bg7 3. e4 d6 4. Nc3 Nf6 5. Be2 Nc6 6. h3 O-O 7. Be3 e5 8. Qd2 exd4 9. Nxd4 Re8 10. f3 Nh5 11. Nxc6 bxc6 12. O-O-O Rb8 13. Bc4 Ng3 14. Rhe1 h5 15. Bd4 Bxd4 16. Qxd4 Qg5+ 17. Kb1 h4 18. Bb3 a5 19. e5 dxe5 20. Qc4 Be6 21. Qxc6 Bxb3 22. axb3 Re6 23. Qxc7 Rbe8 24. Rd7 R6e7 25. Nd5 Rxd7 26. Qxd7 Re6 27. f4 exf4 28. Rxe6 fxe6 29. Qxe6+ Kg7 30. Qd7+ Kh6 31. Ne7 Qe5 32. Ng8+ Kg5 33. Qg4# 1-0


[Site "https://www.chess.com"]

[Event "Titled Tuesday Blitz April 19 Early 2022"]
[White "Carrasco Miranda, Andres"]
[Black "Thomas, Anysia"]
[WhiteFideId "3405990"]
[BlackFideId "670472"]
[WhiteElo "2177"]
[BlackElo "2002"]
[Result "1-0"]
[Round "08"]
[TimeControl "180+1"]
[Date "2022.04.19"]
[WhiteClock "0:00:11"]
[BlackClock "0:00:01"]

1. d4 Nf6 2. c4 g6 3. g3 d5 4. cxd5 Nxd5 5. Bg2 Nb6 6. Nf3 Bg7 7. O-O Nc6 8. e3 e5 9. Nc3 Bg4 10. d5 e4 11. Nxe4 Nxd5 12. h3 Bf5 13. Nc5 Bc8 14. e4 Ndb4 15. Qxd8+ Kxd8 16. Bg5+ f6 17. Rfd1+ Ke7 18. Bd2 b6 19. Nb3 Bb7 20. a3 Nd3 21. Bc3 Rad8 22. Nbd4 Nxd4 23. Bxd4 Bxe4 24. Re1 Nxe1 25. Rxe1 Rxd4 26. Nxd4 f5 27. Bxe4 Bxd4 28. Bxf5+ Kf6 29. Bg4 h5 30. Bf3 Bxb2 31. a4 Rd8 32. Kg2 Rd4 33. Re2 Ba3 34. Rc2 Bd6 35. a5 Ra4 36. axb6 axb6 37. Bd5 Ra3 38. Re2 Rc3 39. Re6+ Kg7 40. Re8 Rc2 41. g4 hxg4 42. hxg4 Bc5 43. g5 Rxf2+ 44. Kg3 Rf8 45. Re6 Bd6+ 46. Kg4 Rf4+ 47. Kh3 Rf7 48. Be4 Kf8 49. Bxg6 Rg7 50. Kg4 Re7 51. Rf6+ Kg7 52. Kf5 c5 53. Bh5 Be5 54. Rg6+ Kf8 55. Rh6 1-0


[Site "https://www.chess.com"]

[Event "Titled Tuesday Blitz April 19 Early 2022"]
[White "Chan, Kim Yew"]
[Black "Zanette, Edgard Vinicius"]
[WhiteFideId "5717981"]
[BlackFideId "2109263"]
[WhiteElo "2206"]
[BlackElo "2182"]
[Result "0-1"]
[Round "08"]
[TimeControl "180+1"]
[Date "2022.04.19"]
[WhiteClock "0:00:07"]
[BlackClock "0:00:08"]

1. c4 Nf6 2. Nc3 c5 3. Nf3 Nc6 4. e3 e6 5. d4 d5 6. cxd5 exd5 7. Bb5 Bd6 8. O-O O-O 9. dxc5 Bxc5 10. b3 a6 11. Be2 h6 12. Bb2 Be6 13. Rc1 Qd6 14. Na4 Ba7 15. Nd4 Bd7 16. Qd3 Rad8 17. Nxc6 Bxc6 18. Rfd1 Bb8 19. g3 Rfe8 20. Bf3 Ne4 21. Bd4 Bb5 22. Qb1 Qe6 23. Nc3 Bc6 24. Nxe4 dxe4 25. Bg2 h5 26. Qb2 Qg6 27. Bb6 Rxd1+ 28. Rxd1 h4 29. Qd4 h3 30. Bxh3 Qh5 31. Bg2 Be5 32. Qd2 Qg4 33. h3 Qe6 34. Bd4 Bc7 35. Qc3 Qg6 36. b4 Qh5 37. Rc1 Qg6 38. a4 Bd6 39. a5 Bb5 40. Bc5 Be5 41. Bd4 Bd6 42. Bf1 Bxf1 43. Kxf1 Qf5 44. Kg2 Qf3+ 45. Kg1 f5 46. Qd2 Bxg3 47. fxg3 Qxg3+ 48. Qg2 Qxg2+ 49. Kxg2 Re7 50. Rc8+ Kf7 51. Kg3 Rd7 52. Kf4 g6 53. Ke5 Re7+ 54. Kf4 Rd7 55. Kg5 Ke6 56. Re8+ Kd5 57. Rg8 Rd6 58. Rxg6 Rxg6+ 59. Kxg6 f4 60. Bb6 f3 61. h4 f2 62. h5 f1=Q 63. h6 Qg2+ 64. Kh7 Qh3 65. Kh8 Ke6 66. h7 Kf7 67. Bd4 Kg6 68. Kg8 Qxh7+ 69. Kf8 Qf7# 0-1


[Site "https://www.chess.com"]

[Event "Titled Tuesday Blitz April 19 Early 2022"]
[White "Chandratreya, Prachiti"]
[Black "Smietanska, Wiktoria"]
[WhiteFideId "46611215"]
[BlackFideId "21869359"]
[WhiteElo "1737"]
[BlackElo "1893"]
[Result "1-0"]
[Round "08"]
[TimeControl "180+1"]
[Date "2022.04.19"]
[WhiteClock "0:00:40"]
[BlackClock "0:00:26"]

1. e4 c5 2. c3 Nf6 3. e5 Nd5 4. Nf3 Nc6 5. Bc4 Nb6 6. Bb3 d5 7. exd6 e6 8. O-O Bxd6 9. d4 O-O 10. Nbd2 cxd4 11. cxd4 Bc7 12. Ne4 Nd5 13. Bg5 f6 14. Bh4 Qe8 15. Bg3 Bxg3 16. hxg3 Qg6 17. Re1 b6 18. Nd6 Bd7 19. Rc1 Nce7 20. Nc4 Rac8 21. Ne3 Nxe3 22. Rxe3 Qf5 23. Rcc3 Nd5 24. Bxd5 exd5 25. Re7 Rxc3 26. bxc3 Rc8 27. Nh4 Qg4 28. Qd2 Bb5 29. Rxa7 Qe4 30. Nf3 Qb1+ 31. Kh2 Qa1 32. Ra3 Bc4 33. Qe3 Qb2 34. Ra7 Rf8 35. Qe7 Qxf2 36. Qxg7# 1-0


[Site "https://www.chess.com"]

[Event "Titled Tuesday Blitz April 19 Early 2022"]
[White "Chen, Qi b"]
[Black "Tasev, Dejan"]
[WhiteFideId "8614733"]
[BlackFideId "936618"]
[WhiteElo "2432"]
[BlackElo "2253"]
[Result "0-1"]
[Round "08"]
[TimeControl "180+1"]
[Date "2022.04.19"]
[WhiteClock "0:00:04"]
[BlackClock "0:00:22"]

1. e4 e5 2. Nf3 Nc6 3. Bc4 Nf6 4. Ng5 Bc5 5. Bxf7+ Ke7 6. Bb3 d6 7. h3 Qe8 8. d3 h6 9. Nf3 Qh5 10. Nbd2 g5 11. Nf1 Bd7 12. Ng3 Qg6 13. c3 Bb6 14. Qe2 Rae8 15. Be3 Kd8 16. O-O-O Kc8 17. Bc2 Qg8 18. Kb1 Be6 19. b3 d5 20. Bxb6 axb6 21. Rhe1 g4 22. hxg4 Bxg4 23. Qe3 d4 24. cxd4 exd4 25. Qf4 Nd7 26. Rc1 Bxf3 27. Qxf3 Rh7 28. Nf5 Qf8 29. Kb2 Nc5 30. Bb1 Rf7 31. Qh3 Kb8 32. f3 Ne5 33. f4 Nc6 34. g3 Na7 35. Red1 Nb5 36. a4 Nxa4+ 37. Kc2 Qb4 38. Ba2 Qc3+ 39. Kb1 Qb2# 0-1


[Site "https://www.chess.com"]

[Event "Titled Tuesday Blitz April 19 Early 2022"]
[White "Chigaev, Maksim"]
[Black "Aradhya, Garg"]
[WhiteFideId "4108116"]
[BlackFideId "25006746"]
[WhiteElo "2478"]
[BlackElo "2169"]
[Result "0-1"]
[Round "08"]
[TimeControl "180+1"]
[Date "2022.04.19"]
[WhiteClock "0:00:04"]
[BlackClock "0:00:13"]

1. e4 e5 2. Nf3 Nc6 3. Bc4 Nf6 4. d3 Bc5 5. c3 O-O 6. O-O d5 7. exd5 Nxd5 8. Nbd2 Nf6 9. Re1 a5 10. h3 Re8 11. a4 Bf5 12. Qb3 Qd7 13. Ng5 Bg6 14. Nde4 Nxe4 15. Nxe4 Be7 16. Be3 Red8 17. Rad1 h6 18. Bc5 b6 19. Be3 Na7 20. Ng3 Nc6 21. Bb5 Qd6 22. Ne4 Bxe4 23. dxe4 Qg6 24. Qc4 Na7 25. Bd7 Bd6 26. Bf5 Qf6 27. Rd3 h5 28. h4 Qxh4 29. Red1 Nc8 30. b4 Ne7 31. Bh3 axb4 32. cxb4 Rxa4 33. Qb5 Raa8 34. Qc4 Qf6 35. g3 Ng6 36. Bf5 Ne7 37. Bh3 h4 38. Bc1 Ng6 39. Bf5 hxg3 40. Rxg3 Nf4 41. Re1 Kf8 42. Bxf4 exf4 43. Rg2 Ra1 44. Rxa1 Qxa1+ 45. Qf1 Qxf1+ 46. Kxf1 Bxb4 47. Ke2 Rd2+ 48. Kf3 Bd6 49. Rh2 g6 50. Bc8 Rd3+ 51. Kg4 Rd4 52. f3 Kg7 53. Rc2 Rd1 54. Kh3 Rg1 55. e5 Rg3+ 56. Kh2 Bxe5 57. Bb7 Bd6 58. Bd5 Rg5 59. Rd2 Rh5+ 60. Kg2 Rg5+ 61. Kh2 Re5 62. Kg2 f5 63. Bc4 g5 64. Ra2 g4 65. Ra8 Re3 66. Bd5 Kf6 67. Bc6 g3 68. Ra2 Ke5 69. Rc2 Kd4 70. Bd7 Rc3 71. Rd2+ Rd3 72. Ra2 Ke3 73. Bxf5 Rd2+ 74. Rxd2 Kxd2 0-1


[Site "https://www.chess.com"]

[Event "Titled Tuesday Blitz April 19 Early 2022"]
[White "Clarke, Brandon G I"]
[Black "Cagara, Paulina"]
[WhiteFideId "400319"]
[BlackFideId "1124870"]
[WhiteElo "2414"]
[BlackElo "1780"]
[Result "1-0"]
[Round "08"]
[TimeControl "180+1"]
[Date "2022.04.19"]
[WhiteClock "0:02:38"]
[BlackClock "0:02:06"]

1. e4 c6 2. d4 d5 3. e5 c5 4. dxc5 e6 5. a3 Bxc5 6. Nf3 Bf8 7. Bd3 Nc6 8. O-O Nge7 9. Re1 Ng6 10. g3 Be7 11. h4 Bc5 12. b4 Bb6 13. h5 Nge7 14. Kg2 g6 15. Bg5 Qc7 16. Bf6 Rg8 17. Nc3 Nf5 18. Nb5 Qd7 19. hxg6 hxg6 20. Bxf5 gxf5 21. Nd6+ Kf8 22. Qd2 Rg6 23. Rh1 Rxf6 24. exf6 1-0


[Site "https://www.chess.com"]

[Event "Titled Tuesday Blitz April 19 Early 2022"]
[White "Csonka, Balazs"]
[Black "SsanderSseverino"]
[WhiteFideId "742910"]
[WhiteElo "2404"]
[BlackElo "2530"]
[Result "0-1"]
[Round "08"]
[TimeControl "180+1"]
[Date "2022.04.19"]
[WhiteClock "0:00:02"]
[BlackClock "0:00:42"]

1. d4 d5 2. c4 e6 3. Nf3 c6 4. g3 f5 5. Bg2 Nf6 6. O-O Bd6 7. b3 Qe7 8. Bb2 O-O 9. Qc1 Bd7 10. Ba3 Be8 11. Bxd6 Qxd6 12. Ne5 Nbd7 13. f4 Rc8 14. c5 Qe7 15. Nc3 Nxe5 16. fxe5 Ne4 17. Nxe4 dxe4 18. b4 g5 19. a4 Kg7 20. Qd2 a6 21. Rf2 Bg6 22. e3 h5 23. Kh1 Rh8 24. Raf1 h4 25. gxh4 Rxh4 26. Kg1 g4 27. Bh1 Rch8 28. Rg2 Qg5 29. Rf4 Rh3 30. Qf2 Rf3 31. Qd2 Rhh3 32. Rf2 Rxe3 33. Rf1 g3 34. Qxe3 gxh2+ 35. Kf2 Qg1+ 36. Rxg1 hxg1=Q+ 37. Kxg1 Rxe3 38. Rf1 Rd3 39. b5 axb5 40. axb5 cxb5 41. Rb1 f4 42. Rxb5 f3 43. Rxb7+ Kh6 44. Kf2 Bh5 45. Rd7 e3+ 46. Kg3 e2 47. Kf2 Rd1 48. Bxf3 e1=Q+ 0-1


[Site "https://www.chess.com"]

[Event "Titled Tuesday Blitz April 19 Early 2022"]
[White "Cunha, Lucas Aguiar"]
[Black "Van den Dikkenberg, Erik"]
[WhiteFideId "2125404"]
[BlackFideId "1005880"]
[WhiteElo "2361"]
[BlackElo "2118"]
[Result "0-1"]
[Round "08"]
[TimeControl "180+1"]
[Date "2022.04.19"]
[WhiteClock "0:01:13"]
[BlackClock "0:00:34"]

1. e4 c5 2. Nf3 d6 3. d4 cxd4 4. Qxd4 a6 5. Be2 Nf6 6. O-O Nc6 7. Qe3 e5 8. Rd1 Qc7 9. Nc3 Be7 10. Nd5 Nxd5 11. exd5 Nb8 12. c4 Nd7 13. a4 a5 14. b3 O-O 15. Ba3 b6 16. Rac1 Nc5 17. h3 f5 18. Bf1 h6 19. Re1 e4 20. Nd4 Bg5 21. Qc3 Bxc1 22. Nb5 Qd8 23. Bxc1 Ba6 24. Nd4 Qf6 25. Rd1 Rae8 26. Qc2 Bc8 27. f4 Nd3 28. Be3 Nc5 29. Nb5 Bd7 30. Bd4 Qe7 31. Nc3 Qh4 32. Be3 Qg3 33. Bc1 e3 34. Rd4 Nxb3 35. Qxb3 Qf2+ 36. Kh2 Qxf1 37. Qd1 e2 38. Nxe2 Qxd1 39. Rxd1 Rxe2 0-1


[Site "https://www.chess.com"]

[Event "Titled Tuesday Blitz April 19 Early 2022"]
[White "D`Arruda, Ricardo D."]
[Black "Kaasen, Tor Fredrik"]
[WhiteFideId "100692"]
[BlackFideId "1516647"]
[WhiteElo "2413"]
[BlackElo "2335"]
[Result "0-1"]
[Round "08"]
[TimeControl "180+1"]
[Date "2022.04.19"]
[WhiteClock "0:00:20"]
[BlackClock "0:00:20"]

1. Nf3 Nf6 2. d4 g6 3. Nc3 d5 4. Bg5 Bg7 5. Bxf6 Bxf6 6. e4 dxe4 7. Nxe4 Bg7 8. Bc4 O-O 9. c3 b6 10. O-O Bb7 11. Qe2 e6 12. Rad1 Nd7 13. Rfe1 a6 14. Ne5 Qe7 15. Nxd7 Qxd7 16. h4 h6 17. h5 g5 18. Nd2 Rfe8 19. Nf3 b5 20. Bb3 c5 21. Ne5 Qc7 22. Bc2 cxd4 23. cxd4 Rac8 24. Be4 Bxe5 25. dxe5 Red8 26. Bxb7 Qxb7 27. Rd6 Re8 28. Red1 Rc4 29. Rd7 Qe4 30. Qxe4 Rxe4 31. R7d6 Rxe5 32. Rxa6 Re2 33. b3 Rc8 34. Rd3 Rc1+ 35. Kh2 Rxf2 36. Rf3 Rcc2 37. Rxf2 Rxf2 38. Ra5 Kg7 39. a3 Ra2 40. Kg3 f5 41. Kf3 Kf6 42. g3 g4+ 43. Kf4 Re2 0-1


[Site "https://www.chess.com"]

[Event "Titled Tuesday Blitz April 19 Early 2022"]
[White "Dahlgren, James Allen"]
[Black "Balint, Vilmos"]
[WhiteFideId "22256873"]
[BlackFideId "718050"]
[WhiteElo "2099"]
[BlackElo "2059"]
[Result "0-1"]
[Round "08"]
[TimeControl "180+1"]
[Date "2022.04.19"]
[WhiteClock "0:00:15"]
[BlackClock "0:01:30"]

1. d3 e5 2. f4 exf4 3. Bxf4 d5 4. Nf3 Nf6 5. Nbd2 Be7 6. e4 dxe4 7. dxe4 O-O 8. Bd3 b6 9. O-O Bb7 10. e5 Nd5 11. Be4 Ba6 12. c4 Nxf4 13. Bxa8 c6 14. b3 Qc7 15. Nd4 Ne6 16. Nxe6 fxe6 17. Rxf8+ Bxf8 18. Nf3 Nd7 19. Qe2 Qc8 20. Rd1 Bc5+ 21. Kh1 Nf8 22. Bxc6 Qxc6 23. Rd8 Be7 24. Rb8 Qc7 25. Re8 Bb7 26. h3 Bc6 0-1


[Site "https://www.chess.com"]

[Event "Titled Tuesday Blitz April 19 Early 2022"]
[White "Dang, Hoang Son"]
[Black "Urazayev, Arystanbek"]
[WhiteFideId "12402435"]
[BlackFideId "13709810"]
[WhiteElo "2252"]
[BlackElo "2422"]
[Result "0-1"]
[Round "08"]
[TimeControl "180+1"]
[Date "2022.04.19"]
[WhiteClock "0:00:03"]
[BlackClock "0:00:55"]

1. d4 Nf6 2. Bf4 g6 3. e3 Bg7 4. Nf3 O-O 5. h3 d6 6. c3 c5 7. Nbd2 Nc6 8. Be2 cxd4 9. exd4 Nd5 10. Bg3 e5 11. dxe5 dxe5 12. O-O Nf4 13. Bxf4 exf4 14. Re1 Bf5 15. Nc4 Qf6 16. Qd6 Be6 17. Rad1 g5 18. Qc7 Rac8 19. Qxb7 Bxc4 20. Bxc4 Na5 21. Bxf7+ Qxf7 22. Qxf7+ Rxf7 23. Nxg5 Rb7 24. Rd5 Nc4 25. b3 Nb6 26. Rf5 Bxc3 27. Re4 Bd2 28. Rd4 Bc1 29. Ne6 Rd7 30. Re4 Re7 31. Kh2 Rce8 32. Rg5+ Kh8 33. Re1 Bd2 34. Re2 Bb4 35. Nd8 Rxd8 36. Rxe7 Bxe7 37. Re5 Bd6 38. Re6 Kg7 39. h4 h5 40. Kh3 Nd5 41. Re4 Nf6 42. Ra4 Rd7 43. Ra5 Kg6 44. a3 Ne4 45. f3 Ng3 46. Rd5 Kf6 47. b4 Ke6 0-1


[Site "https://www.chess.com"]

[Event "Titled Tuesday Blitz April 19 Early 2022"]
[White "Dauner, Benedikt"]
[Black "Legenia, Artem"]
[WhiteFideId "16225899"]
[BlackFideId "14136945"]
[WhiteElo "2230"]
[BlackElo "1936"]
[Result "1/2-1/2"]
[Round "08"]
[TimeControl "180+1"]
[Date "2022.04.19"]
[WhiteClock "0:00:09"]
[BlackClock "0:00:53"]

1. a3 c6 2. e3 d5 3. b4 Nd7 4. Bb2 Ngf6 5. c4 g6 6. g4 Bg7 7. g5 Nh5 8. Bxg7 Nxg7 9. cxd5 cxd5 10. Nc3 e6 11. Nf3 O-O 12. Be2 a5 13. b5 b6 14. Qb3 Nc5 15. Qb2 Bb7 16. d4 Ne4 17. h4 Rc8 18. Nxe4 dxe4 19. Ne5 Qc7 20. O-O Nf5 21. Rac1 Qe7 22. Ng4 Bd5 23. Nf6+ Kg7 24. Rxc8 Rxc8 25. Rc1 Qd8 26. h5 h6 27. Rxc8 Qxc8 28. Nxd5 exd5 29. gxh6+ Kxh6 30. hxg6 fxg6 31. Qb1 Nh4 32. Qf1 Qf5 33. Kh2 g5 34. Qg1 Nf3+ 35. Bxf3 Qxf3 36. Qg3 Qh5+ 37. Kg2 Qg6 38. Qb8 Qe6 39. Qh8+ Kg6 40. Qf8 Qg4+ 41. Kf1 Qd1+ 42. Kg2 Qg4+ 43. Kf1 Qd1+ 44. Kg2 Qg4+ 1/2-1/2


[Site "https://www.chess.com"]

[Event "Titled Tuesday Blitz April 19 Early 2022"]
[White "De Silva, L M S T"]
[Black "Paravyan, David"]
[WhiteFideId "9953698"]
[BlackFideId "4194985"]
[WhiteElo "1631"]
[BlackElo "2569"]
[Result "0-1"]
[Round "08"]
[TimeControl "180+1"]
[Date "2022.04.19"]
[WhiteClock "0:00:12"]
[BlackClock "0:00:19"]

1. e4 e5 2. Nc3 Nf6 3. Bc4 Nxe4 4. Qh5 Nd6 5. Bb3 Be7 6. Qxe5 O-O 7. Nge2 Nc6 8. Qh5 g6 9. Qd5 b6 10. Ne4 Bb7 11. Nxd6 Bxd6 12. O-O Qh4 13. Ng3 Na5 14. Qd3 Nxb3 15. axb3 a5 16. Ra4 Qe7 17. Qe3 Bc6 18. Ra1 Rfe8 19. Qh6 Qf6 20. d3 Re6 21. Bd2 Qxb2 22. Rae1 Rae8 23. Rxe6 Rxe6 24. Bf4 Qg7 25. Qh4 Bxf4 26. Qxf4 Qe5 27. Qxe5 Rxe5 28. f4 Re8 29. Kf2 Kg7 30. Ne2 d6 31. Nd4 Bd7 32. Re1 Rxe1 33. Kxe1 c5 34. Ne2 Bc6 35. Kf2 b5 36. c4 b4 37. d4 a4 38. bxa4 Bxa4 39. dxc5 dxc5 40. Nc1 Bc2 41. Ke3 Kf6 42. g4 h5 43. h3 h4 44. Kd2 Be4 45. Nd3 Bxd3 46. Kxd3 g5 47. f5 Ke5 0-1


[Site "https://www.chess.com"]

[Event "Titled Tuesday Blitz April 19 Early 2022"]
[White "Demchenko, Anton"]
[Black "Fedoseev, Vladimir"]
[WhiteFideId "4160258"]
[BlackFideId "24130737"]
[WhiteElo "2539"]
[BlackElo "2726"]
[Result "0-1"]
[Round "08"]
[TimeControl "180+1"]
[Date "2022.04.19"]
[WhiteClock "0:00:01"]
[BlackClock "0:00:52"]

1. e4 e5 2. Nf3 Nc6 3. Bc4 Nf6 4. d3 h6 5. Nc3 d6 6. a4 g6 7. h3 Bg7 8. Be3 Na5 9. Ba2 c5 10. Nd5 Nc6 11. c3 Be6 12. Nxf6+ Qxf6 13. a5 Bxa2 14. Rxa2 Qe6 15. Qa4 O-O 16. Nd2 Kh7 17. Qc4 Qd7 18. O-O f5 19. f3 Nd8 20. Qd5 Ne6 21. b4 Nc7 22. Qb3 cxb4 23. Qxb4 d5 24. Qa4 Qxa4 25. Rxa4 Nb5 26. c4 Nc3 27. Ra3 d4 28. Bf2 b5 29. cxb5 Rfb8 30. Rb3 Rxb5 31. Rxb5 Nxb5 32. Rb1 a6 33. Nc4 Rc8 34. Be1 Bf6 35. Kf1 Kg7 36. Rb3 Rc6 37. Ke2 Kf7 38. Bd2 h5 39. Bb4 Ke6 40. Bd2 Be7 41. Be1 Rc8 42. Bd2 Bc5 43. Be1 Rf8 44. Bd2 Rb8 45. Be1 Nc3+ 46. Rxc3 dxc3 47. Bxc3 Bd4 48. Be1 Rb1 49. g4 fxg4 50. fxg4 Ra1 51. gxh5 gxh5 52. h4 Ra2+ 53. Kf3 Rc2 54. Bd2 Bc3 55. Bg5 Be1 56. Ke3 Ra2 57. Kf3 Bxa5 58. Be3 Bc3 59. Nb6 a5 60. Nd5 Be1 61. Nc7+ Kd7 62. Nd5 a4 63. Nb6+ Ke6 64. Nc4 Bb4 0-1


[Site "https://www.chess.com"]

[Event "Titled Tuesday Blitz April 19 Early 2022"]
[White "Derraugh, Geordie"]
[Black "Iskusnyh, Sergei"]
[WhiteFideId "2603950"]
[BlackFideId "4120027"]
[WhiteElo "2116"]
[BlackElo "2492"]
[Result "1-0"]
[Round "08"]
[TimeControl "180+1"]
[Date "2022.04.19"]
[WhiteClock "0:00:05"]
[BlackClock "0:00:11"]

1. e4 e6 2. d4 d5 3. Nd2 c5 4. Ngf3 cxd4 5. exd5 Qxd5 6. Bc4 Qd7 7. O-O Nc6 8. Nb3 a6 9. Nbxd4 Nxd4 10. Qxd4 Qxd4 11. Nxd4 Bd7 12. a4 Rc8 13. Bb3 Bc5 14. Be3 Nf6 15. h3 O-O 16. Rfd1 Rfd8 17. Kf1 Be8 18. Ke2 Nd5 19. Bg5 Rd7 20. c3 h6 21. Bh4 Nf4+ 22. Kf3 e5 23. Bg3 Nxh3 24. Ne6 Ng5+ 25. Nxg5 hxg5 26. Bxe5 Re7 27. Bd6 Bc6+ 28. Kg3 Bxd6+ 29. Rxd6 Re2 30. Ra2 Kf8 31. Rd4 Rce8 32. Rg4 f6 33. Rb4 Rd8 34. Bc4 Red2 35. Ra1 f5 36. Rh1 Ke7 37. Re1+ Kd6 38. Re6+ Kc7 39. Rg6 f4+ 40. Kg4 Rxf2 41. Rxg7+ Rd7 42. Rxd7+ Kxd7 43. Kxg5 Bxg2 44. Bf7 Ke7 45. Bh5 Bc6 46. Rxf4 Rxb2 47. Rb4 Kd6 48. Rxb2 Kc5 49. Bg4 Kc4 50. a5 Kxc3 51. Rb6 Kc4 52. Bc8 Kc5 53. Bxb7 Bb5 54. Bxa6 Ba4 55. Bb7 1-0


[Site "https://www.chess.com"]

[Event "Titled Tuesday Blitz April 19 Early 2022"]
[White "Donchenko, Alexander"]
[Black "Okike, David"]
[WhiteFideId "24603295"]
[BlackFideId "8500134"]
[WhiteElo "2539"]
[BlackElo "2232"]
[Result "1-0"]
[Round "08"]
[TimeControl "180+1"]
[Date "2022.04.19"]
[WhiteClock "0:00:40"]
[BlackClock "0:00:01"]

1. e4 c5 2. Nf3 Nc6 3. Bc4 g6 4. c3 Nf6 5. e5 d5 6. exd6 exd6 7. d4 d5 8. Bb5 c4 9. O-O Be7 10. Bh6 Ng4 11. Bg7 Rg8 12. Be5 Nxe5 13. Nxe5 Bd7 14. Bxc6 bxc6 15. Re1 f6 16. Ng4 Kf8 17. Qf3 Kg7 18. Nd2 h5 19. Ne3 Rf8 20. h3 Bd6 21. b3 cxb3 22. axb3 Qc7 23. c4 Bb4 24. Re2 Bc3 25. Rd1 Bxd4 26. cxd5 c5 27. Ndc4 Rae8 28. Ra2 Bb5 29. d6 Qd7 30. Nd5 Bxc4 31. bxc4 Rf7 32. Ra6 Re6 33. Nc7 Re5 34. Rd2 Re1+ 35. Kh2 Be5+ 36. g3 h4 37. Kg2 hxg3 38. fxg3 Bd4 39. Re2 Rg1+ 40. Kh2 Rc1 41. Rxa7 Kh7 42. Qg4 Qxg4 43. hxg4 Be5 44. Rd2 Bxd6 45. Rxd6 Rxc4 46. Kh3 Rc2 47. Nb5 Rxa7 48. Nxa7 Kh6 49. Rxf6 c4 50. Rc6 Rc1 51. Nb5 Kg5 52. Rc5+ Kf6 53. g5+ Ke6 54. Kg4 Kd7 55. Na3 c3 56. Nb5 c2 57. Na3 Ra1 58. Nxc2 Ra4+ 59. Kh3 Ke6 60. Ne3 1-0


[Site "https://www.chess.com"]

[Event "Titled Tuesday Blitz April 19 Early 2022"]
[White "Dorokhin, Mykhailo"]
[Black "Avramidou, Anastasia"]
[WhiteFideId "14114178"]
[BlackFideId "4239873"]
[WhiteElo "2280"]
[BlackElo "2183"]
[Result "1-0"]
[Round "08"]
[TimeControl "180+1"]
[Date "2022.04.19"]
[WhiteClock "0:00:18"]
[BlackClock "0:00:16"]

1. d4 Nf6 2. Nf3 e6 3. Bg5 b6 4. e3 Be7 5. Be2 Bb7 6. O-O h6 7. Bh4 g5 8. Bg3 Ne4 9. Nfd2 Nxg3 10. hxg3 d6 11. Bf3 Qc8 12. Bxb7 Qxb7 13. Qf3 Qxf3 14. Nxf3 Nd7 15. a4 a5 16. Na3 O-O-O 17. c3 Kb7 18. e4 h5 19. Nc4 g4 20. Nh4 Nf6 21. f3 gxf3 22. gxf3 Rhg8 23. Kf2 Rg5 24. Rh1 Rdg8 25. Rag1 Nd7 26. Rh3 c5 27. Ng2 cxd4 28. cxd4 Rc8 29. Nce3 Nf6 30. Nf4 b5 31. d5 bxa4 32. Ra1 Bd8 33. dxe6 Bb6 34. exf7 Nd7 35. Nd5 Rf8 36. f4 Rxf7 37. Rxa4 Nc5 38. Nxb6 Kxb6 39. Rd4 Kc6 40. Nc4 Rg6 41. Nxa5+ Kb5 42. Nc4 Kc6 43. Rxh5 Re7 44. Kf3 Nb3 45. Rd1 Rb7 46. f5 Rf6 47. g4 Kc5 48. g5 Rf8 49. Nxd6 Rd7 50. e5 Nd4+ 51. Rxd4 Kxd4 52. Kf4 Kd5 53. g6 Rb8 54. f6 Rb4+ 55. Kf5 Rxb2 56. g7 Rf2+ 57. Kg6 Rd8 58. f7 Ke6 59. g8=Q Rg2+ 60. Rg5 1-0


[Site "https://www.chess.com"]